 Dungeon Sprint DCSS version 0.18-b1-20-g17449fe (webtiles) character file.

288 LORDOFBUTT the Grappler (level 6, -30/61 HPs)
             Began as a Troll Berserker on May 3, 2016.
             Was an Elder of Trog.
             Annihilated by a hill giant
             ... wielding a +0 giant club
              (40 damage)
             ... in the Dungeon (Sprint IX: "|||||||||||||||||||||||||||||").
             The game lasted 00:00:33 (103 turns).

LORDOFBUTT the Grappler (Troll Berserker)            Turns: 103, Time: 00:00:33

Health: -30/61     AC:  5    Str: 26    XL:     6   Next: 9%
Magic:  5/5        EV: 10    Int:  9    God:    Trog [****..]
Gold:   0          SH:  0    Dex: 11    Spells: 0 memorised, 5 levels left

rFire  . . .     SeeInvis .       - Unarmed
rCold  . . .     Gourm    +     a - +0 animal skin
rNeg   . . .     Faith    .     (no shield)
rPois  .         Spirit   .     (helmet restricted)
rElec  .         Dismiss  .     (no cloak)
rCorr  .         Reflect  .     (gloves unavailable)
SustAt .         Harm     .     (boots unavailable)
MR     .....     NoTele   +     (no amulet)
Stlth  +.........               m - +3 ring of intelligence
                                l - +3 ring of intelligence

@: not resistant to hostile enchantments, very unstealthy
A: unfitting armour, claws 3, fast metabolism 3, gourmand, regeneration 2,
shaggy fur 1, tough skin 2
a: Berserk, Trog's Hand, Brothers in Arms, Burn Spellbooks, Renounce Religion


You were in the Dungeon.
You worshipped Trog.
Trog was greatly pleased with you.
You were not hungry.

You visited 1 branch

Inventory:

Armour
 a - a +0 animal skin (worn)
Jewellery
 l - a +3 ring of intelligence (left claw)
 m - a +3 ring of intelligence (right claw)
Wands
 k - a wand of acid (7/15)
Scrolls
 h - 2 scrolls of blinking
 j - 3 scrolls of remove curse
Potions
 c - 5 potions of curing
 d - 3 potions of heal wounds
 e - a potion of haste
 f - 4 potions of magic
 g - a potion of berserk rage
 i - a potion of invisibility
Comestibles
 b - 2 bread rations


   Skills:
 - Level 3.2 Fighting
 - Level 2.9 Dodging
 + Level 0.3 Stealth
 + Level 12.3 Unarmed Combat


You had 5 spell levels left.
You didn't know any spells.

Dungeon Overview and Level Annotations

Branches:
Dungeon (1/1)

Altars:
Cheibriados
Dithmenos
Elyvilon
Fedhas
Gozag
Kikubaaqudgha
Makhleb
Nemelex Xobeh
Okawaru
Pakellas
Qazlal
Ru
Sif Muna
Trog
Vehumet
Xom
Yredelemnul
Zin
The Shining One
Beogh
Jiyva
Lugonu


Innate Abilities, Weirdness & Mutations

You are too large for most types of armour.
You have claws for hands.
Your metabolism is lightning-fast.
You like to eat raw meat.
You heal very quickly.
You are covered in fur (AC +1).
You have very tough skin (AC +2).


Message History

The hill giant barely misses you.
You scratch the hill giant but do no damage.
The hill giant is moderately wounded.
The hill giant closely misses you.
You barely miss the hill giant. You claw the hill giant.
The hill giant is moderately wounded.
You mangle the hill giant!!
The hill giant is severely wounded.
The hill giant hits you with a giant club!!
Ouch! That really hurt!
* * * LOW HITPOINT WARNING * * *
You are too injured to fight recklessly!
You are too injured to fight recklessly!
You are too injured to fight recklessly!
You are too injured to fight recklessly!
You scratch the hill giant.
The hill giant is severely wounded.
The hill giant hits you with a giant club!!!
Ouch! That really hurt!
You die... ▓▓▓▓▓▓▓▓▓▓▓▓▓▓▓▓▓▓▓▓▓▓▓▓ ..ZOH5C@.[[[)|?.'_______ ▓▓▓▓▓▓▓▓▓▓▓▓▓▓▓▓▓▓▓▓▓▓▓▓

You could see a hill giant, a hippogriff, an ogre, a shadow imp and a bat zombie.

Vanquished Creatures
  A two-headed ogre (D)
  A crimson imp (D)
  A worker ant (D)
  An adder (D)
  A dart slug (D)
  A bat skeleton (D)
  A hobgoblin (D)
  A jackal (D)
  3 kobolds (D)
11 creatures vanquished.

Notes
Turn   | Place    | Note
--------------------------------------------------------------
     0 | D        | LORDOFBUTT the Troll Berserker began the quest for the Orb.
     0 | D        | Reached XP level 1. HP: 22/22 MP: 0/0
    12 | D        | Reached ** piety under Trog
    23 | D        | Noticed a worker ant
    23 | D        | Noticed a crimson imp
    34 | D        | Killed a crimson imp
    34 | D        | Reached *** piety under Trog
    34 | D        | Reached skill level 6 in Unarmed Combat
    34 | D        | Reached XP level 2. HP: 30/31 MP: 1/1
    34 | D        | Reached XP level 3. HP: 36/37 MP: 2/2
    35 | D        | Reached skill level 7 in Unarmed Combat
    35 | D        | Reached XP level 4. HP: 45/45 MP: 3/3
    41 | D        | Reached skill level 8 in Unarmed Combat
    44 | D        | Reached **** piety under Trog
    51 | D        | Found a glowing silver altar of Zin.
    51 | D        | Found a glowing golden altar of the Shining One.
    51 | D        | Found an ancient bone altar of Kikubaaqudgha.
    51 | D        | Found a basalt altar of Yredelemnul.
    51 | D        | Found a shimmering altar of Xom.
    51 | D        | Found a radiant altar of Vehumet.
    52 | D        | Found an iron altar of Okawaru.
    53 | D        | Found a burning altar of Makhleb.
    54 | D        | Found a deep blue altar of Sif Muna.
    55 | D        | Found a bloodstained altar of Trog.
    56 | D        | Found a sparkling altar of Nemelex Xobeh.
    57 | D        | Found a white marble altar of Elyvilon.
    58 | D        | Found a roughly hewn altar of Beogh.
    59 | D        | Found a viscous altar of Jiyva.
    60 | D        | Found a corrupted altar of Lugonu.
    61 | D        | Found a blossoming altar of Fedhas.
    62 | D        | Found a snail-covered altar of Cheibriados.
    63 | D        | Found a shadowy altar of Dithmenos.
    64 | D        | Found a stormy altar of Qazlal.
    65 | D        | Found an opulent altar of Gozag.
    66 | D        | Found a sacrificial altar of Ru.
    67 | D        | Found an oddly glowing altar of Pakellas.
    93 | D        | Noticed an ogre
    93 | D        | Noticed a hippogriff
    93 | D        | Noticed a hill giant
    93 | D        | Noticed a two-headed ogre
    97 | D        | Killed a two-headed ogre
    97 | D        | Reached skill level 12 in Unarmed Combat
    97 | D        | Reached XP level 5. HP: 34/53 MP: 4/4
    97 | D        | Reached XP level 6. HP: 39/61 MP: 5/5
   103 | D        | Annihilated by a hill giant

Skill      XL: |  1  2  3  4 |
---------------+-------------+-----
Fighting       | 3 |  3.2
Unarmed Combat | 6 7 12 | 12.3
Dodging        | |  2.9
Stealth        | |  0.3

Action                   |  1- 3 |  4- 6 || total
-------------------------+-------+-------++-------
Melee: Unarmed           |    25 |    19 ||    44
       Punch             |       |     1 ||     1
Armor: Animal skin       |     9 |     3 ||    12
Dodge: Dodged            |     4 |     5 ||     9
